AoeStats
← Anfangspunkt

Black Forest

509597296Analyzed
4v4 RM · 5d ago on Sep 27, 2026· 46m 55s· 8 players
Game mode
Random Map
Map size
Large (8 player)
Population
200
Speed
Normal
Resources
Standard
Victory
Conquest
Starting age
Dark Age
Ending age
Imperial Age
RankedLock teamsTeams togetherTeam positionsShared explorationLock speedFull tech treeHidden civsTurbo modeCheats
Victory
Defeat
🇨🇳 Italians · China
1028
+15
🇿🇦 Byzantines · South Africa
970
+17
🇨🇳 Persians · China
970
+17
🇿🇦 Franks · South Africa
871
+22
🇩🇪 Celts · Germany
1016
-19
🇩🇪 Saracens · Germany
994
-18
🇭🇰 Khmer · Hong Kong SAR China
991
-17
🇲🇹 Japanese · Malta
983
-17
tiagosacadura
13:12 Feudal Age
16:11 Castle Age
14:48 Double-Bit Axe
21:06 Wheelbarrow
24:59 Bow Saw
24:32 Horse Collar
25:45 Hand Cart
26:53 Bloodlines
26:44 Husbandry
27:33 Gold Mining
30:57 Gold Shaft Mining
34:00 Imperial Age
32:30 Heavy Plow
32:14 Fishing Lines
32:45 Stone Mining
34:52 Double Crossbow
35:16 Conscription
36:11 Crop Rotation
35:33 Fletching
35:49 Scale Barding Armor
35:55 Forging
36:47 Chemistry
36:38 Bodkin Arrow
36:40 Heavy Scorpion
36:55 Light Cavalry
39:33 Elite Battle Elephant
41:44 Chain Barding Armor
41:59 Iron Casting
41:25 Bracer
41:07 Pikeman
43:39 Halberdier
AQAYZ
1:11 Loom
13:17 Feudal Age
19:43 Castle Age
19:39 Double-Bit Axe
19:36 Horse Collar
23:29 Fletching
28:35 Town Watch
33:22 Imperial Age
35:26 Wheelbarrow
38:28 Conscription
41:46 Scale Barding Armor
41:53 Bloodlines
41:05 Elite Skirmisher
43:14 Forging
43:25 Chain Barding Armor
44:19 Chemistry
44:12 Murder Holes
44:19 Heavy Plow
44:31 Bow Saw
44:15 Gold Mining
44:55 Elite Mameluke
liviescu
1:05 Loom
13:41 Feudal Age
14:13 Double-Bit Axe
15:20 Horse Collar
17:06 Fishing Lines
21:56 Castle Age
23:21 Squires
22:42 Pikeman
23:07 Arson
24:04 Heavy Plow
25:02 Bow Saw
24:51 Gillnets
28:09 Stone Mining
28:22 Gold Mining
31:04 Fortified Wall
34:57 Imperial Age
32:30 Town Watch
33:25 Wheelbarrow
33:09 Scale Mail Armor
34:58 Town Patrol
35:14 Hand Cart
35:03 Elite Skirmisher
36:30 Conscription
38:29 Chain Mail Armor
39:23 Chemistry
39:01 Halberdier
Anfangspunkt
1:21 Loom
9:44 Feudal Age
14:40 Double-Bit Axe
22:50 Castle Age
26:45 Bow Saw
31:49 Wheelbarrow
31:33 Gold Mining
34:40 Pikeman
38:13 Scale Mail Armor
41:31 Forging
44:33 Fletching
45:29 Iron Casting
AJ老师
0:29 Loom
12:45 Feudal Age
18:44 Castle Age
18:05 Horse Collar
18:12 Double-Bit Axe
20:47 Wheelbarrow
21:23 Wheelbarrow
25:58 Gold Mining
27:16 Heavy Plow
27:28 Bow Saw
33:12 Imperial Age
31:23 Hand Cart
32:58 Gold Shaft Mining
32:13 Stone Mining
33:05 Forging
33:00 Scale Barding Armor
34:29 Stone Shaft Mining
33:50 Elite War Elephant
35:20 Crop Rotation
36:45 Iron Casting
36:30 Chain Barding Armor
37:09 Caravan
37:24 Bloodlines
37:15 Husbandry
38:54 Blast Furnace
39:56 Plate Barding Armor
42:16 Devotion
若叶睦
0:32 Loom
12:44 Feudal Age
17:05 Castle Age
15:12 Stone Mining
17:49 Double-Bit Axe
19:09 Horse Collar
19:45 Bow Saw
24:14 Padded Archer Armor
24:07 Fletching
24:19 Padded Archer Armor
26:45 Wheelbarrow
28:13 Gold Mining
32:41 Imperial Age
31:04 Hand Cart
31:37 Heavy Plow
32:24 Leather Archer Armor
33:53 Conscription
34:49 Chemistry
34:46 Conscription
37:47 Town Watch
41:38 Two-Man Saw
43:48 Ring Archer Armor
43:09 Treadmill Crane
44:48 Pirotechnia
45:17 Light Cavalry
46:07 Bloodlines
45:57 Husbandry
46:24 Hussar
Root
13:07 Feudal Age
17:23 Castle Age
16:35 Double-Bit Axe
16:59 Stone Mining
17:35 Gold Mining
21:02 Bow Saw
26:31 Gold Shaft Mining
31:00 Husbandry
33:09 Scale Barding Armor
33:15 Forging
35:38 Imperial Age
33:45 Wheelbarrow
33:52 Wheelbarrow
33:07 Town Watch
34:02 Caravan
35:44 Chain Barding Armor
36:00 Iron Casting
35:58 Elite Throwing Axeman
36:15 Cavalier
38:52 Plate Barding Armor
39:17 Blast Furnace
39:38 Chivalry
39:43 Paladin
Ny9t
10:32 Feudal Age
14:11 Castle Age
13:35 Horse Collar
13:42 Double-Bit Axe
14:17 Loom
15:14 Bow Saw
16:26 Stone Mining
21:14 Wheelbarrow
21:10 Heavy Plow
23:46 Loom
24:15 Scale Barding Armor
24:28 Gold Mining
26:13 Chain Barding Armor
26:21 Ballistics
28:56 Imperial Age
27:23 Stone Shaft Mining
27:28 Gold Shaft Mining
27:22 Forging
28:21 Hand Cart
28:53 Iron Casting
31:15 Two-Man Saw
30:53 Crop Rotation
31:42 Chemistry
31:32 Stone Shaft Mining
31:36 Conscription
33:32 Plate Barding Armor
34:03 Logistica
36:05 Husbandry
36:08 Elite Cataphract
38:49 Caravan
Connection lost

Rejoining the realm…

Still unreachable

The connection could not be restored.

Session expired

The server has moved on; the page needs a fresh start.